 Dungeon Sprint DCSS version 0.28.0-43-g3370ac3207 (webtiles) character file.

Game seed: 2332592910014618208

271572 Groucho the Ninja (level 12, 62/64 HPs)
             Began as a Felid Berserker on Mar 27, 2022.
             Was a High Priest of Trog.
             Escaped with the Orb!
             The game lasted 00:14:10 (3244 turns).

Groucho the Ninja (Felid Berserker)                 Turns: 3244, Time: 00:14:11

Health: 62/64      AC:  3    Str: 13    XL:     12   Next: 20%
Magic:  13/13      EV: 35    Int: 10    God:    Trog [*****.]
Gold:   2096       SH:  0    Dex: 21    Spells: 11/11 levels left
                                        Lives:  2   Deaths: 0

rFire   + . .      SeeInvis +     - Unarmed
rCold   + . .      Faith    .   (shield unavailable)
rNeg    + . .      Spirit   .   (armour unavailable)
rPois   .          Reflect  .   (helmet unavailable)
rElec   .          Harm     .   (cloak unavailable)
rCorr   .          Rampage  .   (gloves unavailable)
Will    +....      NoTele   +   (boots unavailable)
Stlth   ++++......              (no amulet)
HPRegen 0.20/turn               j - ring "Qioxuf" {rF+ rN+ Dex+2 Slay+4}
MPRegen 0.13/turn               l - ring of flight

@: flying, quick
A: very small, claws 1, fangs 3, see invisible, speed 1, shaggy fur 3, stealthy
paws, no weapons or thrown items, no armour, multi-lived
0: Orb of Zot
a: Renounce Religion, Berserk, Trog's Hand, Brothers in Arms


You escaped.
You worshipped Trog.
Trog was extremely pleased with you.
You visited 1 branch You collected 2983 gold pieces.
You spent 887 gold pieces at shops.

Inventory:

Jewellery
 h - a ring of resist corrosion
 j - the ring "Qioxuf" (left paw) {rF+ rN+ Dex+2 Slay+4}
   (You bought it in a shop in the Dungeon)

   [ring of positive energy]

   Dex:       It affects your dexterity (+2).
   Slay:      It affects your accuracy & damage with ranged weapons and melee
   (+4).
   rF:        It protects you from fire.
   rN:        It protects you from negative energy.
 l - a ring of flight (right paw)
 m - the ring of Fusm {Ice rCorr Str+2 Slay+3}
   (You found it in the Dungeon)

   [ring of ice]

   It enhances your ice magic.
   Str:       It affects your strength (+2).
   Slay:      It affects your accuracy & damage with ranged weapons and melee
   (+3).
   rF:        It makes you vulnerable to fire.
   rC:        It protects you from cold.
   rCorr:     It protects you from acid and corrosion.
Wands
 b - a wand of polymorph (12)
 g - a wand of digging (2)
Scrolls
 f - 2 scrolls of fear {unknown}
 i - 5 scrolls of identify {unknown}
Potions
 a - 3 potions of curing
 c - a potion of haste
 d - 2 potions of magic
 e - 2 potions of berserk rage
 k - a potion of brilliance {unknown}


   Skills:
 + Level 14.6 Fighting
 + Level 18.6 Dodging
 O Level 27 Stealth
 + Level 14.6 Unarmed Combat


You had 11 spell levels left.
You didn't know any spells.
Your spell library was empty.

Dungeon Overview and Level Annotations

Branches:
Dungeon (1/1)

Altars:
Cheibriados
Dithmenos
Elyvilon
Fedhas
Gozag
Hepliaklqana
Kikubaaqudgha
Makhleb
Nemelex Xobeh
Okawaru
Qazlal
Ru
Sif Muna
Trog
Uskayaw
Vehumet
Wu Jian
Xom
Yredelemnul
Zin
The Shining One
Jiyva
Lugonu

Shops:
D ??[*[*:?=?![*:=[=!

Annotations:
D Tiamat


Innate Abilities, Weirdness & Mutations

You have sharp claws.
You have razor-sharp teeth.
You have supernaturally acute eyesight. (SInv)
You cover ground quickly. (Speed+)
Your thick and shaggy fur keeps you warm. (AC +3, rC+)
Your paws help you pounce on unaware monsters.
You are incapable of wielding weapons or throwing items.
You cannot wear armour.
You gain extra lives every three experience levels.


Message History

There is an open door here.
The daeva shouts!
The daeva calls down the wrath of the Shining One upon you.
The Shining One smites you!
There is an open door here.
A glowing orange brain comes into view.
The glowing orange brain turns its attention towards you.
There is an open door, spattered with blood here.
You claw the glowing orange brain!
The glowing orange brain is moderately wounded.
You mangle the glowing orange brain!!
The glowing orange brain is heavily wounded.
You scratch the glowing orange brain. You bite the glowing orange brain.
The glowing orange brain is severely wounded.
You claw the glowing orange brain! You bite the glowing orange brain.
The glowing orange brain is almost dead.
You scratch the glowing orange brain.
Your claw misses the glowing orange brain.
The glowing orange brain is almost dead.
You scratch the glowing orange brain.
The glowing orange brain is almost dead.
You mangle the glowing orange brain!!
You kill the glowing orange brain!
Trog accepts your kill.
There is an open door here.
There is an open door here.
Your extra speed is starting to run out.
There is an open door here.
There is an open door here.
There is an open door here.
There is an open door here.
You feel yourself slow down.
Things that are here:
a +0 scythe; a +0 robe
There is an open door here.
You see here a +0 giant club.
There is an open door here.
There is an open door here.
There is a staircase leading out of the dungeon here.
You have escaped!

##################
#@.#..'..#.)'..#__
#..').#.)'..#..'..
#..#####'#####'#__
#..####..#...#[###
#..#__####..##.#§§
#..#_____##'#_.'§§
#⌠⌠#_.∩...'..._#§§
####_..__##_.#'##'
#_____###'#.#((


There were no monsters in sight!

Vanquished Creatures
  A golden dragon (D)
  A shadow dragon (D)
  3 fire giants (D)
  2 centaur warriors (D)
  Sonja (D)
  A glowing orange brain (D)
  A deep troll (D)
  A lindwurm (D)
  An oklob plant (D)
  7 unseen horrors (D)
  4 demonic crawlers (D)
  2 kobold demonologists (D)
  A hornet (D)
  A slime creature (D)
  Sigmund (D)
  A yak (D)
  13 hogs (D)
  2 redbacks (D)
  3 floating eyes (D)
  7 necrophages (D)
  An ogre (D)
  8 jellies (D)
  Ijyb (D)
64 creatures vanquished.

Vanquished Creatures (collateral kills)
  A fire giant (D)
  A hydra (D)
2 creatures vanquished.

Vanquished Creatures (others)
  2 ballistomycete spores (D)
2 creatures vanquished.

Grand Total: 68 creatures vanquished

Notes
Turn   | Place    | Note
-------+----------+-------------------------------------------
     0 | D        | Groucho the Felid Berserker began the quest for the Orb.
     0 | D        | Reached XP level 1. HP: 10/10 MP: 2/2
     1 | D        | Noticed Ijyb
     7 | D        | Killed Ijyb
     8 | D        | Reached skill level 8 in Stealth
     8 | D        | Reached XP level 2. HP: 14/14 MP: 3/3
   215 | D        | Noticed an ogre
   217 | D        | Killed an ogre
   218 | D        | Reached skill level 12 in Stealth
   218 | D        | Reached XP level 3. HP: 17/17 MP: 4/4
   218 | D        | Reached XP level 4. HP: 21/21 MP: 5/5
   220 | D        | Noticed Sigmund
   222 | D        | Killed Sigmund
   222 | D        | Reached ** piety under Trog
   223 | D        | Reached skill level 17 in Stealth
   223 | D        | Reached XP level 5. HP: 24/24 MP: 6/6
   255 | D        | Found a shimmering blue altar of Sif Muna.
   256 | D        | Found an ornate altar of the Wu Jian Council.
   257 | D        | Found a radiant altar of Vehumet.
   262 | D        | Gained mutation: You are covered in thick fur. (AC +2)
                  | [Felid growth]
   262 | D        | Reached XP level 6. HP: 28/28 MP: 7/7
   295 | D        | Found Jienecia's Magic Scroll Emporium.
   295 | D        | Found an ancient bone altar of Kikubaaqudgha.
   295 | D        | Found a hazy altar of Hepliaklqana.
   295 | D        | Found a stormy altar of Qazlal.
   295 | D        | Found a hide-covered altar of Uskayaw.
   295 | D        | Found a blossoming altar of Fedhas.
   295 | D        | Found a bloodstained altar of Trog.
   295 | D        | Found an iron altar of Okawaru.
   295 | D        | Found a basalt altar of Yredelemnul.
   295 | D        | Found a glowing golden altar of the Shining One.
   295 | D        | Found a snail-covered altar of Cheibriados.
   295 | D        | Found a sacrificial altar of Ru.
   295 | D        | Found a glowing silver altar of Zin.
   295 | D        | Found a shadowy altar of Dithmenos.
   295 | D        | Found a white marble altar of Elyvilon.
   295 | D        | Noticed a yak
   304 | D        | Killed a yak
   305 | D        | Reached skill level 19 in Stealth
   317 | D        | Found an opulent altar of Gozag.
   318 | D        | Found a sparkling altar of Nemelex Xobeh.
   340 | D        | Noticed a centaur warrior
   341 | D        | Noticed a centaur warrior
   342 | D        | Killed a centaur warrior
   343 | D        | Reached skill level 5 in Fighting
   343 | D        | Reached skill level 21 in Stealth
   343 | D        | Reached skill level 5 in Unarmed Combat
   343 | D        | Reached XP level 7. HP: 33/33 MP: 8/8
   343 | D        | Reached XP level 8. HP: 37/37 MP: 9/9
   343 | D        | Killed a centaur warrior
   343 | D        | Reached *** piety under Trog
   344 | D        | Reached skill level 22 in Stealth
   353 | D        | Noticed a hornet
   356 | D        | Killed a hornet
   367 | D        | Noticed an oklob plant
   369 | D        | Killed an oklob plant
   370 | D        | Reached XP level 9. HP: 43/43 MP: 10/10
   377 | D        | Reached **** piety under Trog
   378 | D        | Reached skill level 23 in Stealth
   381 | D        | Reached skill level 10 in Dodging
   408 | D        | Noticed an unseen horror
   408 | D        | Noticed an unseen horror
   413 | D        | Killed an unseen horror
   415 | D        | Killed an unseen horror
   420 | D        | Reached ***** piety under Trog
   423 | D        | Reached skill level 24 in Stealth
   867 | D        | Reached ****** piety under Trog
   890 | D        | Found Rob Ceon's General Store.
   890 | D        | Found Tiskal's Armour Shop.
   890 | D        | Found Moufuhoh's Antique Armour Boutique.
   892 | D        | Found Onuoku's General Store.
   892 | D        | Found Yviud's Book Shop.
   892 | D        | Found Byam Merphi's Magic Scroll Shoppe.
   892 | D        | Found Riguxot's Jewellery Boutique.
   892 | D        | Found Eghunn's Magic Scroll Emporium.
   892 | D        | Found Ewiavidgh's Distillery.
   892 | D        | Found Piab Berph's Antique Armour Shoppe.
   896 | D        | Found Neagae's Assorted Antiques.
   897 | D        | Found Utemythro's Jewellery Emporium.
   897 | D        | Found Gitar's Book Boutique.
   898 | D        | Found Buileif's Jewellery Emporium.
   921 | D        | Bought the ring "Qioxuf" {rF+ rN+ Dex+2 Slay+4} for 660
                  | gold pieces
  1153 | D        | Noticed a deep troll
  1155 | D        | Killed a deep troll
  1156 | D        | Reached XP level 10. HP: 49/49 MP: 11/11
  1167 | D        | Found Tusigu's Armour Emporium.
  1179 | D        | Noticed Sonja
  1182 | D        | Killed Sonja
  1183 | D        | Reached skill level 25 in Stealth
  1198 | D        | Found Qaothuq's Magic Scroll Boutique.
  1308 | D        | Bought a ring of flight for 227 gold pieces
  1346 | D        | Found a burning altar of Makhleb.
  1346 | D        | Found a shimmering altar of Xom.
  1347 | D        | Found a viscous altar of Jiyva.
  1347 | D        | Found a corrupted altar of Lugonu.
  1371 | D        | Reached skill level 10 in Fighting
  1371 | D        | Reached skill level 10 in Unarmed Combat
  1376 | D        | Reached skill level 26 in Stealth
  1395 | D        | Noticed a lindwurm
  1397 | D        | Killed a lindwurm
  1424 | D        | Reached XP level 11. HP: 48/55 MP: 12/12
  1445 | D        | Reached skill level 27 in Stealth
  2026 | D        | Noticed a 12-headed hydra
  2178 | D        | Killed a 12-headed hydra
  2179 | D        | Reached skill level 15 in Dodging
  2658 | D        | Noticed a shadow dragon
  2659 | D        | Noticed a golden dragon
  2663 | D        | Killed a shadow dragon
  2665 | D        | Killed a golden dragon
  2666 | D        | Identified the ring of Fusm {Ice rCorr Str+2 Slay+3}
  2721 | D        | Found Nalaips's Distillery.
  2778 | D        | Noticed a daeva
  3015 | D        | Noticed a fire giant
  3021 | D        | Noticed a fire giant
  3026 | D        | Killed a fire giant
  3032 | D        | Killed a fire giant
  3033 | D        | Gained mutation: Your thick and shaggy fur keeps you warm.
                  | (AC +3, rC+) [Felid growth]
  3033 | D        | Reached XP level 12. HP: 36/63 MP: 13/13
  3063 | D        | Noticed a fire giant
  3072 | D        | Killed a fire giant
  3117 | D        | Noticed a fire giant
  3124 | D        | Killed a fire giant
  3166 | D        | Found the +4 dragonskin cloak
  3166 | D        | Noticed Tiamat
  3168 | D        | Got the Orb of Zot
  3244 | D        | Escaped with the Orb!

Illustrated notes

Levels and vault maps discovered:
D:        dungeon_sprint_1 [red_sonja_temple_1, red_sonja_temple_small_1]

Skill      XL: |  1  2  3  4  5  6  7  8  9 10 11 12 |
---------------+-------------------------------------+-----
Stealth        | 8 12 17 21 22 24 26 27 | 27.0
Fighting       | 5 7 9 10 13 14 | 14.6
Dodging        | 7 9 12 13 17 18 | 18.6
Unarmed Combat | 5 7 9 10 14 | 14.6

Action                   |  1- 3 |  4- 6 |  7- 9 | 10-12 || total
-------------------------+-------+-------+-------+-------++-------
Melee: Unarmed           |     5 |     9 |    68 |    91 ||   173
       Bite              |       |     1 |     5 |    16 ||    22
       Punch             |       |       |     6 |     5 ||    11
Invok: Berserk           |     1 |     1 |       |       ||     2
       Trog's Hand       |       |     1 |       |     4 ||     5
       Brothers in Arms  |       |       |       |     7 ||     7
Evoke: Wand              |       |       |       |     1 ||     1
  Use: Scroll            |       |     1 |       |       ||     1
       Potion            |       |       |       |     2 ||     2
 Stab: Sleeping          |     1 |     3 |    12 |    15 ||    31
Armor: Skin              |       |       |     2 |     5 ||     7
Dodge: Dodged            |     1 |     1 |    57 |    83 ||   142
